 Dungeon Crawl Stone Soup version 0.21-a0-186-g02e8684 (webtiles) character file.

17 4thArraOfDagon the Vexing (level 2, -2/29 HPs)
             Began as an Ogre Enchanter on Aug 13, 2017.
             Slain by Jessica
             ... wielding a cursed -1 club
              (6 damage)
             ... on level 2 of the Dungeon.
             The game lasted 00:01:55 (565 turns).

4thArraOfDagon the Vexing (Ogre Enchanter)           Turns: 565, Time: 00:01:55

Health: -2/29      AC:  3    Str: 11    XL:     2   Next: 62%
Magic:  2/5        EV: 10    Int: 16    God:
Gold:   8          SH:  0    Dex:  9    Spells: 2/5 levels left

rFire    + . .     SeeInvis .   a - +1 dagger
rCold    . . .     Gourm    .   (no shield)
rNeg     . . .     Faith    .   b - +0 robe
rPois    .         Spirit   .   (helmet restricted)
rElec    .         Reflect  .   (no cloak)
rCorr    .         Harm     .   (gloves unavailable)
MR       .....                  (boots unavailable)
Stlth    ++........             (no amulet)
HPRegen  0.09/turn              (no ring)
MPRegen  0.09/turn              (no ring)

@: slowed, very slow
A: unfitting armour, fire resistance 1, mutation resistance 1, tough skin 1
a: no special abilities


You were on level 2 of the Dungeon.
You were not hungry.

You visited 1 branch of the dungeon, and saw 2 of its levels.

You collected 8 gold pieces.

Inventory:

Hand Weapons
 a - a +1 dagger (weapon)
 f - a +0 club
Armour
 b - a +0 robe (worn)
Scrolls
 e - a scroll of teleportation {unknown}
 g - a scroll of identify {unknown}
Books
 c - a book of Maledictions

   Spells                             Type                      Level
   a - Corona                         Hexes                        1
   b - Ensorcelled Hibernation        Hexes/Ice                    2
   c - Confuse                        Hexes                        3
   d - Tukima's Dance                 Hexes                        3
   e - Dazzling Spray                 Conjuration/Hexes            3
Comestibles
 d - a bread ration
 h - a royal jelly


   Skills:
 + Level 2.5 Fighting
 - Level 1.0 Short Blades
 - Level 1.7 Dodging
 - Level 2.1 Stealth
 - Level 2.4 Spellcasting
 - Level 2.6 Hexes


You had 2 spell levels left.
You knew the following spells:

 Your Spells              Type           Power        Failure   Level  Hunger
a - Corona                Hex            ##.....      7%          1    #......
b - Ensorcelled Hibernat  Hex/Ice        #.....       17%         2    ###....


Dungeon Overview and Level Annotations

Branches:
Dungeon (2/15)

Altars:

Annotations:
D:2 Jessica


Innate Abilities, Weirdness & Mutations

You are too large for most types of armour.
You have tough skin. (AC +1)
Your flesh is heat resistant. (rF+)
You are somewhat resistant to further mutation.


Message History

Unknown command.
Jessica mumbles something strange.
Jessica gestures at you while chanting.
You barely resist.
Unknown command.
You barely miss Jessica.
Jessica is almost dead.
Jessica hits you with a club.
* * * LOW HITPOINT WARNING * * *
Jessica casts a spell.
Jessica blinks!
Unknown command.
Unknown command.
You aren't carrying any potions.
Jessica gestures wildly while chanting.
Jessica blinks!
Found 11 gold pieces.
Unknown command.
Jessica hits you with a club.
You die...

#$ #.......# #.
#.......# #...
###.......# #...
.........#
#$..###........#
#.$............#
#..............#
##..........###
#.....@..#.#
#.....@).# #
#........#
#........#
#......%.#
##########


You could see Jessica.

Vanquished Creatures
  A dart slug (D:1)
  A giant cockroach (D:1)
  3 goblins (D:1)
  3 hobgoblins
  2 kobolds (D:1)
  2 frilled lizards (D:1)
  2 rats (D:1)
14 creatures vanquished.

Notes
Turn   | Place    | Note
-------+----------+-------------------------------------------
     0 | D:1      | 4thArraOfDagon the Ogre Enchanter began the quest for the Orb.
     0 | D:1      | Reached XP level 1. HP: 16/16 MP: 3/3
    59 | D:1      | Reached skill level 1 in Short Blades
    84 | D:1      | Reached skill level 1 in Fighting
   137 | D:1      | Reached XP level 2. HP: 5/27 MP: 5/5
   430 | D:1      | Vidiiot: What tile is that?
   438 | D:1      | Learned a level 2 spell: Ensorcelled Hibernation
   513 | D:2      | Noticed Jessica
   526 | D:2      | Gained mutation: Your flesh is heat resistant. (rF+) [potion of mutation]
   526 | D:2      | Gained mutation: You are somewhat resistant to further mutation. [potion of mutation]
   565 | D:2      | Slain by Jessica

Vault maps used:
D:1:      dpeg_arrival_brainrot
D:2:      first_bread, uniq_robin, uniq_jessica, uniq_natasha

Skill      XL: |  1  2 |
---------------+-------+-----
Short Blades   | 1 |  1.0
Fighting       | 1 2 |  2.5
Dodging        | |  1.7
Stealth        | |  2.1
Spellcasting   | |  2.4
Hexes          | |  2.6

Action                   || total
-------------------------++-------
Melee: Dagger            ||    80
 Cast: Corona            ||     6
       Ensorcelled Hiber ||     2
  Use: Potion            ||     2
 Stab: Sleeping          ||     2
Armor: Robe              ||     9
       Skin              ||    13
Dodge: Dodged            ||    21
